 Dungeon Crawl Stone Soup version 0.19.1-1-g22dce08 (webtiles) character file.

1523 McKennaii the Gusty (level 8, -8/48 HPs)
             Began as a High Elf Air Elementalist on Jan 10, 2017.
             Shot with a sling bullet by Joseph (16 damage)
             ... on level 7 of the Dungeon.
             The game lasted 00:16:55 (4674 turns).

McKennaii the Gusty (High Elf Air Elementalist)     Turns: 4674, Time: 00:16:55

Health: -8/48      AC:  2    Str: 10    XL:     8   Next: 54%
Magic:  7/19       EV: 14    Int: 22    God:
Gold:   315        SH:  0    Dex: 15    Spells: 4 memorised, 12 levels left

rFire  . . .     SeeInvis .     (no weapon)
rCold  . . .     Gourm    .     a - +0 robe
rNeg   . . .     Faith    .     (no shield)
rPois  .         Spirit   .     (no helmet)
rElec  .         Reflect  .     (no cloak)
rCorr  +         Harm     .     (no gloves)
MR     .....                    (no boots)
Stlth  +++.......               C - amulet of magic regeneration
                                J - ring of resist corrosion
                                l - +3 ring of strength

@: repel missiles
A: no striking features
a: no special abilities


You were on level 7 of the Dungeon.
You were very full.

You visited 1 branch of the dungeon, and saw 7 of its levels.

You collected 315 gold pieces.

Inventory:

Armour
 a - a +0 robe (worn)
Jewellery
 l - a +3 ring of strength (left hand)
 C - an amulet of magic regeneration (around neck)
 J - a ring of resist corrosion (right hand)
Wands
 I - a wand of heal wounds (6/9)
 L - a wand of random effects (3/48)
 N - a wand of iceblast (8/15)
Scrolls
 d - 3 scrolls of amnesia
 e - 3 scrolls of fear {unknown}
 j - 11 scrolls of identify
 o - 2 scrolls of remove curse
 p - a scroll of blinking {unknown}
 r - a scroll of noise {unknown}
 s - 2 scrolls of enchant armour {unknown}
 t - a scroll of magic mapping {unknown}
 y - a scroll of enchant weapon {unknown}
 A - 2 scrolls of recharging {unknown}
 D - 3 scrolls of teleportation {unknown}
 M - a scroll of brand weapon {unknown}
Potions
 g - a potion of heal wounds
 h - 2 potions of haste {unknown}
 i - 2 potions of invisibility {unknown}
 k - 2 potions of mutation {unknown}
 m - 2 potions of flight {unknown}
 n - a potion of cancellation {unknown}
 q - a potion of magic {unknown}
 u - a potion of degeneration {unknown}
 w - 3 potions of lignification {unknown}
 x - a potion of curing {unknown}
 z - 2 potions of brilliance {unknown}
 F - a potion of ambrosia {unknown}
 G - 2 potions of might {unknown}
 H - 3 potions of resistance
Books
 b - a book of Air

   Spells                             Type                      Level
   a - Shock                          Conjuration/Air              1
   b - Swiftness                      Charms/Air                   2
   c - Repel Missiles                 Charms/Air                   2
   d - Static Discharge               Conjuration/Air              3
   e - Lightning Bolt                 Conjuration/Air              5
 E - a book of Changes

   Spells                             Type                      Level
   a - Beastly Appendage              Transmutation                1
   b - Sticks to Snakes               Transmutation                2
   c - Spider Form                    Transmutation/Poison         3
   d - Ice Form                       Ice/Transmutation            4
   e - Blade Hands                    Transmutation                5
 K - a book of Necromancy

   Spells                             Type                      Level
   a - Pain                           Necromancy                   1
   b - Animate Skeleton               Necromancy                   1
   c - Vampiric Draining              Necromancy                   3
   d - Regeneration                   Charms/Necromancy            3
   e - Animate Dead                   Necromancy                   4
   f - Control Undead                 Necromancy                   4
Comestibles
 c - 3 bread rations
 f - 6 meat rations
 v - 10 fruits
 B - a beef jerky


   Skills:
 + Level 1.6 Fighting
 + Level 3.5 Dodging
 + Level 3.9 Stealth
 + Level 0.2 Unarmed Combat
 + Level 6.7 Spellcasting
 + Level 5.8 Conjurations
 + Level 0.2 Charms
 + Level 7.8 Air Magic


You had 12 spell levels left.
You knew the following spells:

 Your Spells              Type           Power        Failure   Level  Hunger
a - Shock                 Conj/Air       ####         1%          1    None
b - Swiftness             Chrm/Air       ####....     2%          2    None
c - Repel Missiles        Chrm/Air       ####..       2%          2    None
d - Static Discharge      Conj/Air       #####...     1%          3    #......


Dungeon Overview and Level Annotations

Branches:
Dungeon (7/15)
 Temple: D:4-7

Altars:
Trog
The Shining One

Annotations:
D:3 Mercurio's ghost, amateur HEMo
D:4 Dolanko's ghost, novice NaFi
D:7 Joseph


Message History

Joseph unwields an uncursed quarterstaff of crushing.
Joseph wields an uncursed hunting sling.
Joseph shoots a sling bullet.
The sling bullet is repelled.
Casting: Shock
Confirm with . or Enter, or press ? or * to list all spells.
Aiming: Shock
Press: ? - help, Shift-Dir - straight line, f/p - Joseph
Aim: Joseph, wielding a hunting sling, wearing a leather armour and carrying a wand of teleportation {zapped: 2} (almost dead)
The zap hits Joseph.
Joseph is almost dead.
Joseph zaps a wand.
Joseph looks slightly unstable.
Casting: Shock
Confirm with . or Enter, or press ? or * to list all spells.
Aiming: Shock
Press: ? - help, Shift-Dir - straight line, f/p - Joseph
Aim: Joseph, wielding a hunting sling, wearing a leather armour and carrying a wand of teleportation {zapped: 3} (almost dead)
The zap hits Joseph.
Joseph is almost dead.
Joseph shoots a sling bullet.
The sling bullet hits you!
You die...

#.##.# ######[...
#....)... o...o.@.# #(#
#.# #[# #.# #†# #.#
#)#####.# #.@...#.#
#####.#.# #.#.# #.#.##
#########..#.##
..........###.#########
#######.#..#...........
#.#.#.###########
....### ##


You could see Joseph.

Vanquished Creatures
  Pikel (D:5)
  Eustachio (D:5)
  A water moccasin (D:7)
  An ice beast (D:5)
  2 slaves (D:5)
  2 ogres (D:4)
  A bullfrog (D:6)
  A wyvern skeleton (D:6)
  A scorpion (D:6)
  A bullfrog zombie (D:7)
  An orc priest (D:7)
  3 orc wizards
  A centaur skeleton (D:6)
  An iguana (D:4)
  A worker ant (D:4)
  A hound skeleton (D:6)
  4 gnolls
  8 adders
  A shadow imp (D:6)
  An ooze (D:3)
  5 leopard geckos
  11 orcs
  6 giant cockroaches
  7 goblins
  8 hobgoblins
  2 jackals (D:6)
  4 quokkas
  10 bats
  3 frilled lizards (D:2)
  A jackal skeleton (D:6)
  3 kobolds
  11 rats
105 creatures vanquished.

Vanquished Creatures (others)
  A wizard (D:6)
1 creature vanquished.

Grand Total: 106 creatures vanquished

Notes
Turn   | Place    | Note
-------+----------+-------------------------------------------
     0 | D:1      | McKennaii the High Elf Air Elementalist began the quest for the Orb.
     0 | D:1      | Reached XP level 1. HP: 11/11 MP: 4/4
   195 | D:1      | Reached skill level 4 in Air Magic
   225 | D:1      | Reached XP level 2. HP: 17/17 MP: 4/6
   929 | D:2      | Reached XP level 3. HP: 21/21 MP: 0/8
  1045 | D:2      | Learned a level 2 spell: Swiftness
  1048 | D:2      | Learned a level 2 spell: Repel Missiles
  1160 | D:2      | Learned a level 2 spell: Repel Missiles
  1214 | D:2      | Reached XP level 4. HP: 27/27 MP: 0/9
  1581 | D:3      | Noticed Mercurio's ghost (amateur HEMo)
  2070 | D:3      | Found a faded altar of an unknown god.
  2342 | D:3      | Reached skill level 5 in Air Magic
  2544 | D:4      | Reached XP level 5. HP: 31/31 MP: 6/11
  2646 | D:4      | Noticed Dolanko's ghost (novice NaFi)
  2778 | D:4      | Learned a level 3 spell: Static Discharge
  2789 | D:4      | Noticed an ogre
  2799 | D:4      | Killed an ogre
  2948 | D:4      | Noticed an ogre
  3142 | D:4      | Noticed an ogre
  3146 | D:4      | Reached XP level 6. HP: 36/36 MP: 6/12
  3271 | D:5      | Entered Level 5 of the Dungeon
  3293 | D:5      | Noticed Pikel
  3293 | D:5      | Noticed a slave
  3293 | D:5      | Noticed a slave
  3293 | D:5      | Noticed a slave
  3293 | D:5      | Noticed a slave
  3312 | D:5      | Killed a slave
  3342 | D:5      | Killed a slave
  3343 | D:5      | Killed Pikel
  3343 | D:5      | Reached skill level 1 in Fighting
  3343 | D:5      | Reached skill level 5 in Spellcasting
  3343 | D:5      | Reached skill level 6 in Air Magic
  3343 | D:5      | Reached XP level 7. HP: 34/43 MP: 10/15
  3456 | D:5      | Found a glowing golden altar of the Shining One.
  3511 | D:5      | Noticed Eustachio
  3519 | D:5      | Killed Eustachio
  3519 | D:5      | Reached skill level 5 in Conjurations
  3519 | D:5      | Reached skill level 7 in Air Magic
  3519 | D:5      | Reached XP level 8. HP: 48/48 MP: 10/17
  4398 | D:6      | Found a bloodstained altar of Trog.
  4399 | D:6      | Noticed a wizard
  4405 | D:6      | Killed a wizard
  4645 | D:7      | Noticed Joseph
  4674 | D:7      | Shot with a sling bullet by Joseph

Skill      XL: |  1  2  3  4  5  6  7  8 |
---------------+-------------------------+-----
Air Magic      | 4 5 6 7 |  7.8
Conjurations   | 2 3 4 5 |  5.8
Spellcasting   | 3 5 6 |  6.7
Stealth        | 3 |  3.9
Fighting       | 1 |  1.6
Dodging        | 3 |  3.5
Unarmed Combat | |  0.2
Charms         | |  0.2

Action                   |  1- 3 |  4- 6 |  7- 9 || total
-------------------------+-------+-------+-------++-------
Melee: Unarmed           |    24 |    18 |       ||    42
 Cast: Shock             |    68 |   120 |   112 ||   300
       Repel Missiles    |       |     1 |       ||     1
       Swiftness         |       |     1 |       ||     1
  Use: Scroll            |     3 |       |       ||     3
  Eat: Bread ration      |       |     1 |     2 ||     3
       Beef jerky        |       |     1 |     2 ||     3
       Pizza             |       |     1 |       ||     1
Armor: Robe              |     6 |     3 |       ||     9
Dodge: Dodged            |    31 |    35 |    11 ||    77
       Deflected         |       |       |     4 ||     4
